 Dungeon Crawl Stone Soup version 0.21.1-1-g345015f (webtiles) character file.

1417 Fang the Chopper (level 8, -5/51 HPs)
             Began as a Gargoyle Berserker on June 1, 2018.
             Was a Priest of Trog.
             Slain by a wyvern skeleton (11 damage)
             ... on level 5 of the Dungeon.
             The game lasted 00:05:58 (3770 turns).

Fang the Chopper (Gargoyle Berserker)               Turns: 3770, Time: 00:05:59

Health: -5/51      AC: 14    Str: 23    XL:     8   Next: 71%
Magic:  8/8        EV: 13    Int:  8    God:    Trog [***...]
Gold:   168        SH:  0    Dex:  9    Spells: 7/7 levels left

rFire    . . .     SeeInvis .   a - +0 hand axe
rCold    . . .     Gourm    .   (no shield)
rNeg     + . .     Faith    .   b - +0 animal skin
rPois    ∞         Spirit   .   (no helmet)
rElec    +         Reflect  .   l - +1 cloak
rCorr    .         Harm     .   q - +2 pair of gloves
MR       .....                  (no boots)
Stlth    ++........             (no amulet)
HPRegen  0.17/turn              m - +1 ring of protection
MPRegen  0.11/turn              (no ring)

@: berserk cooldown, slowed, very slow
A: negative energy resistance 1, electricity resistance, unbreathing,
petrification resistance, rot immunity, AC +5
a: Berserk, Trog's Hand, Burn Spellbooks, Renounce Religion


You were on level 5 of the Dungeon.
You worshipped Trog.
Trog was most pleased with you.
You were near starving.

You visited 1 branch of the dungeon, and saw 5 of its levels.

You collected 168 gold pieces.

Inventory:

Hand Weapons
 a - a +0 hand axe (weapon)
Armour
 b - a +0 animal skin (worn)
 l - a +1 cloak (worn)
 q - a +2 pair of gloves (worn)
Jewellery
 m - a +1 ring of protection (left hand)
 n - an uncursed amulet of the gourmand {unknown}
 t - the ring "Custix" {Int+4 SInv, unknown}
   (You found it on level 4 of the Dungeon)

   [ring of see invisible]

   It affects your intelligence (+4).
   It lets you see invisible.
Wands
 u - a wand of iceblast (8)
 v - a wand of polymorph (21)
Scrolls
 e - 2 scrolls of enchant weapon {unknown}
 f - 3 scrolls of identify {unknown}
 g - 2 scrolls of remove curse {unknown}
 h - a scroll of magic mapping {unknown}
 i - a scroll of amnesia {unknown}
 k - 3 scrolls of teleportation {unknown}
 r - a scroll of enchant armour {unknown}
Potions
 d - 2 potions of brilliance {unknown}
 j - 5 potions of curing
 o - a potion of berserk rage {unknown}
 p - a potion of ambrosia {unknown}
 s - a potion of invisibility {unknown}
Comestibles
 c - 10 rations


   Skills:
 + Level 6.2 Fighting
 + Level 7.3 Axes
 + Level 2.4 Armour
 + Level 4.2 Dodging
 + Level 2.4 Stealth


You had 7 spell levels left.
You didn't know any spells.

Dungeon Overview and Level Annotations

Branches:
Dungeon (5/15)
 Temple: D:4-7

Altars:
Hepliaklqana
Trog

Annotations:
D:5 Ijyb


Innate Abilities, Weirdness & Mutations

You are resistant to torment.
Your stone body is resilient. (AC +5)
You are immune to poison.
You resist negative energy. (rN+)
You are resistant to electric shocks. (rElec)
You can survive without breathing.
You are immune to petrification.
You are immune to rotting.


Message History

Ijyb is almost dead.
You hit the wyvern skeleton.
The wyvern skeleton completely misses you.
Ijyb hits you with a dagger.
The wyvern skeleton bites you but does no damage.
Ijyb screams, "No!
No, no, no, no!"
Ijyb hits you but does no damage.
You hit Ijyb but do no damage.
Ijyb is almost dead.
You hit the wyvern skeleton. The wyvern skeleton barely misses you.
Ijyb hits you but does no damage. The wyvern skeleton bites you.
* * * LOW HITPOINT WARNING * * *
Unknown command.
You hit Ijyb.
Ijyb is almost dead.
You hit the wyvern skeleton. Ijyb hits you but does no damage.
The wyvern skeleton bites you!
* * * LOW HITPOINT WARNING * * *
Ijyb barely misses you. The wyvern skeleton bites you!
You die...

############............
# ............... #
#.............. #
#............... ####
................ ...#
............... #.##
..............$ #.#
.......W†...... # #
......†@....... #
.......gZ...^.. #
..........$.... #
........?......
...............
...............
...............
...............


You could see a phantom, Ijyb and a wyvern skeleton.

Vanquished Creatures
  The ghost of GreatJob the Chopper, a novice HOFi (D:4)
  A sky beast (D:5)
  An ice beast (D:5)
  2 ogres
  Blork the orc (D:5)
  2 scorpions
  A howler monkey (D:4)
  A hound (D:5)
  An orc priest (D:3)
  6 orc wizards
  An iguana (D:5)
  5 worker ants
  A worker ant zombie (D:5)
  7 adders
  A worm (D:3)
  3 leopard geckos
  14 orcs
  7 bats
  3 giant cockroaches
  6 goblins
  6 hobgoblins
  11 jackals
  2 quokkas (D:4)
  3 frilled lizards
  7 kobolds
  9 rats
103 creatures vanquished.

Notes
Turn   | Place    | Note
-------+----------+-------------------------------------------
     0 | D:1      | Fang the Gargoyle Berserker began the quest for the Orb.
     0 | D:1      | Reached XP level 1. HP: 14/14 MP: 1/1
   129 | D:1      | Reached XP level 2. HP: 19/19 MP: 2/2
   629 | D:1      | Reached skill level 3 in Axes
   629 | D:1      | Reached XP level 3. HP: 23/24 MP: 3/3
   955 | D:2      | Noticed an ogre
   962 | D:2      | Killed an ogre
   962 | D:2      | Reached XP level 4. HP: 9/30 MP: 4/4
   962 | D:2      | Reached XP level 5. HP: 10/34 MP: 5/5
   963 | D:2      | Reached ** piety under Trog
   990 | D:2      | HP: 1/34 [adder (3)]
  1500 | D:2      | Reached skill level 4 in Axes
  1766 | D:3      | Reached XP level 6. HP: 20/40 MP: 6/6
  1769 | D:3      | Reached skill level 1 in Stealth
  1998 | D:3      | Found a bloodstained altar of Trog.
  2080 | D:3      | Reached skill level 5 in Fighting
  2686 | D:4      | Noticed GreatJob's ghost (novice HOFi)
  2703 | D:4      | Killed GreatJob's ghost
  2703 | D:4      | Reached skill level 5 in Axes
  2703 | D:4      | Reached XP level 7. HP: 44/44 MP: 7/7
  2729 | D:4      | Reached skill level 6 in Axes
  3198 | D:4      | Reached XP level 8. HP: 51/51 MP: 8/8
  3199 | D:4      | Reached *** piety under Trog
  3302 | D:4      | Found a hazy altar of Hepliaklqana.
  3313 | D:4      | Got a crude bone ring
  3595 | D:5      | Entered Level 5 of the Dungeon
  3742 | D:5      | Noticed Blork the orc
  3750 | D:5      | Reached skill level 7 in Axes
  3753 | D:5      | Noticed Ijyb
  3759 | D:5      | Killed Blork the orc
  3770 | D:5      | Slain by a wyvern skeleton

Skill      XL: |  1  2  3  4  5  6  7  8 |
---------------+-------------------------+-----
Axes           | 3 4 5 6 7 |  7.3
Fighting       | 4 5 6 |  6.2
Dodging        | 2 3 4 |  4.2
Stealth        | 2 |  2.4
Armour         | |  2.4

Action                   |  1- 3 |  4- 6 |  7- 9 || total
-------------------------+-------+-------+-------++-------
Melee: Hand axe          |    99 |   128 |   155 ||   382
Invok: Berserk           |     1 |     4 |     2 ||     7
  Eat: Chunk             |       |     9 |     5 ||    14
Armor: Animal skin       |    36 |    46 |    49 ||   131
Dodge: Dodged            |    65 |   101 |   114 ||   280
